 Dungeon Crawl Stone Soup version 0.23.2-1-ga50397a (webtiles) character file.

Game seed: 2869209478294277556

63 Leeroy the Conjurer (level 3, 0/29 HPs)
             Began as a Draconian Conjurer on Apr 14, 2019.
             Slain by a gnoll
             ... wielding a +0 club
              (5 damage)
             ... on level 2 of the Dungeon.
             The game lasted 00:04:10 (1643 turns).

Leeroy the Conjurer (Draconian Conjurer)            Turns: 1643, Time: 00:04:11

Health: 0/29       AC:  8    Str: 10    XL:     3   Next: 87%
Magic:  2/6        EV: 12    Int: 16    God:
Gold:   81         SH:  0    Dex: 11    Spells: 3/6 levels left

rFire    . . .     SeeInvis .   e - +0 whip
rCold    . . .     Gourm    .   (no shield)
rNeg     . . .     Faith    .   (armour unavailable)
rPois    .         Spirit   .   (helmet restricted)
rElec    .         Reflect  .   h - +2 cloak
rCorr    .         Harm     .   (no gloves)
MR       .....                  (no boots)
Stlth    ++........             (no amulet)
HPRegen  0.09/turn              (no ring)
MPRegen  0.10/turn              (no ring)

@: no status effects
A: unfitting armour, cold-blooded, AC +5
a: no special abilities


You were on level 2 of the Dungeon.
You were not hungry.

You visited 1 branch of the dungeon, and saw 2 of its levels.

You collected 81 gold pieces.

Inventory:

Hand Weapons
 a - a +0 club
 e - a +0 whip (weapon)
 o - a +0 club
Missiles
 l - 20 arrows
 p - 3 stones (quivered)
Armour
 f - a +0 cloak
 h - a +2 cloak (worn)
Jewellery
 n - a +4 amulet of reflection {unknown}
Scrolls
 c - 3 scrolls of identify {unknown}
 i - a scroll of fear {unknown}
 m - a scroll of teleportation {unknown}
 q - a scroll of amnesia {unknown}
Potions
 d - a potion of flight {unknown}
 g - a potion of agility {unknown}
 j - a potion of resistance {unknown}
Comestibles
 b - 9 rations


   Skills:
 + Level 1.8 Fighting
 - Level 2.1 Dodging
 - Level 1.7 Stealth
 - Level 2.0 Spellcasting
 - Level 5.0 Conjurations


You had 3 spell levels left.
You knew the following spells:

 Your Spells              Type           Power        Failure   Level  Hunger
a - Magic Dart            Conj           ###.         2%          1    #......
b - Searing Ray           Conj           ###...       4%          2    ###....

Your spell library contained the following spells:

 Spells                   Type           Power        Failure   Level  Hunger
 Dazzling Spray           Conj/Hex       #.....       22%         3    ###....
 Iskenderun's Mystic Bla  Conj           ###.....     26%         4    #####..
 Force Lance              Conj/Tloc      #.......     58%         4    #####..
 Fulminant Prism          Conj/Hex       #.........   58%         4    #####..


Dungeon Overview and Level Annotations

Branches:
Dungeon (2/15)

Altars:


Innate Abilities, Weirdness & Mutations

Your plain brown scales are hard. (AC +5)
You cannot fit into any form of body armour.
You are cold-blooded and may be slowed by cold attacks.


Message History

The gnoll is severely wounded.
The gnoll hits you with a +0 club.
You closely miss the gnoll.
The gnoll is severely wounded.
The gnoll hits you with a +0 club!
* * * LOW HITPOINT WARNING * * *
You hit the gnoll.
The gnoll is almost dead.
The gnoll closely misses you.
You hit the gnoll but do no damage.
The gnoll is almost dead.
The gnoll barely misses you.
You hit the gnoll but do no damage.
The gnoll is almost dead.
The gnoll hits you with a +0 club.
* * * LOW HITPOINT WARNING * * *
You barely miss the gnoll.
The gnoll is almost dead.
The gnoll hits you with a +0 club.
You die...

#.........# .##
+..>.....รท' ...
#.........# ...
##.......## #.#
##.....## #.#
##...## #.# ##'##
#.# #.# #@# #.#
#g# ##.## ## #)#
##...###. #.#
##.....#..
#.#######.#.......
#.....g....#.###..
############.# ###
#.# #.#


You could see a gnoll.

Vanquished Creatures
  2 gnolls (D:2)
  An adder (D:2)
  A worm (D:2)
  A dart slug (D:2)
  A ball python (D:1)
  5 bats
  2 giant cockroaches
  5 goblins
  3 hobgoblins
  3 frilled lizards
  4 kobolds
  A rat (D:2)
29 creatures vanquished.

Notes
Turn   | Place    | Note
-------+----------+-------------------------------------------
     0 | D:1      | Leeroy the Draconian Conjurer began the quest for the Orb.
     0 | D:1      | Reached XP level 1. HP: 14/14 MP: 3/3
   176 | D:1      | Reached XP level 2. HP: 15/20 MP: 5/5
   180 | D:1      | Learned a level 2 spell: Searing Ray
  1168 | D:2      | Reached skill level 5 in Conjurations
  1173 | D:2      | Reached XP level 3. HP: 22/27 MP: 4/6
  1288 | D:2      | Reached skill level 1 in Fighting
  1643 | D:2      | Slain by a gnoll

Skill      XL: |  1  2  3 |
---------------+----------+-----
Conjurations   | 5 |  5.0
Fighting       | 1 |  1.8
Dodging        | 2 |  2.1
Stealth        | |  1.7
Spellcasting   | |  2.0

Action                   || total
-------------------------++-------
Melee: Whip              ||    91
       Club              ||     5
       Unarmed           ||     4
       Tailslap          ||    12
 Cast: Magic Dart        ||    15
       Searing Ray       ||     7
 Stab: Sleeping          ||     1
  Eat: Chunk             ||     3
Armor: Skin              ||    49
Dodge: Dodged            ||    81
